AoeStats
← RickSteel2

Arabia

507370435Analyzed
1v1 RM · 15d ago on Sep 17, 2026· 38m 13s· 2 players
Game mode
Random Map
Map size
Tiny (2 player)
Population
200
Speed
Normal
Resources
Standard
Victory
Conquest
Starting age
Dark Age
Ending age
Imperial Age
RankedLock teamsTeams togetherTeam positionsShared explorationLock speedFull tech treeHidden civsTurbo modeCheats
Victory
Defeat
🇺🇸 Magyars · United States
649
+18
🇨🇦 Mongols · Canada
694
-42
RickSteel2
7:37 Loom
10:52 Feudal Age
12:58 Double-Bit Axe
12:56 Horse Collar
20:41 Fletching
20:45 Gold Mining
27:09 Castle Age
27:33 Wheelbarrow
27:20 Padded Archer Armor
27:52 Bodkin Arrow
29:04 Gold Shaft Mining
27:59 Crossbowman
29:23 Leather Archer Armor
29:51 Bow Saw
29:42 Heavy Plow
36:52 Masonry
39:30 Imperial Age
dark_paladin999
13:41 Feudal Age
14:08 Man-at-Arms
15:01 Loom
15:35 Arson
18:41 Forging
23:17 Horse Collar
27:57 Castle Age
27:59 Bloodlines
28:35 Scale Barding Armor
31:00 Pikeman
32:30 Light Cavalry
35:18 Iron Casting
37:37 Thumb Ring
Connection lost

Rejoining the realm…

Still unreachable

The connection could not be restored.

Session expired

The server has moved on; the page needs a fresh start.